Jay, chaotic male elven Wizard ---------------- |.......(......| -.............<. |..............| ---------------- ---------- | .......`| |. ...... |. -----...|### |.. |.{.|....%############## |.. |{.{|`..|########## |... .{.|....# # + |..'--.--...|## |...@d`.....| |`.........`| ------------- Jay the Thaumaturge Experience level: 6 Strength: 14 Dexterity: 10 Constitution: 11 Intelligence: 16 Wisdom: 12 Charisma: 10 Health: 0(39) Energy: 4(67) AC: 10 Gold: 408 Moves: 2220 Your Inventory: Coins $ - 408 gold pieces Weapons a - a blessed +1 quarterstaff (weapon in hands) Armor b - an uncursed burnt +0 cloak of magic resistance (being worn) r - an [uncursed +0] iron skull cap [orcish helm] v - an [uncursed +0] mummy wrapping Comestibles p - 2 [uncursed] slime molds q - 2 [blessed] tins [of floating eye meat] s - an [uncursed] apple t - an [uncursed] food ration y - an [uncursed] tripe ration Scrolls i - an uncursed scroll of enchant armor k - an uncursed scroll of enchant weapon Spellbooks l - a blessed spellbook of force bolt m - an uncursed spellbook of detect unseen Potions g - an uncursed potion of water h - an uncursed potion of monster detection w - a [blessed] emerald potion [of see invisible] Rings d - an uncursed ring of searching e - an uncursed ring of conflict u - a [cursed -1] opal ring [of increase accuracy] x - an [uncursed +1] quartz ring [of gain strength] Wands c - an uncursed wand of cold (0:4) Tools n - an uncursed tooled horn z - an [uncursed tin] whistle Spells known in the end: Name Level Category Fail Memory a - force bolt 1 attack 0% [||||||||] b - detect unseen 3 divination 91% [||||||||] Your skills at the end: Fighting Skills Weapon Skills quarterstaff [Basic / Expert] Spellcasting Skills attack spells [Basic / Expert] enchantment spells [Basic / Skilled] Final Attributes: You were piously aligned. Hunger level was 629. Your alignment was 20 / 21. Monster difficulty range was 1 - 7. Level difficulty was 8. You were immune to sleep. You were magic-protected. You saw invisible. You were telepathic. You had infravision. You could teleport. You were unlucky (-1). You are dead. Vanquished creatures: a shocking sphere a fire ant a water nymph a gnome lord a kobold mummy a gray ooze 2 little dogs 2 floating eyes a kitten a homunculus a centipede a wererat a werejackal an iguana 2 acid blobs a gas spore a hobbit a large kobold a hobgoblin 2 giant rats a green mold a gecko 4 jackals a fox 2 kobolds a sewer rat a grid bug 2 newts 37 creatures vanquished. Voluntary challenges: You were an atheist. You used a wielded weapon 8 times. You read items or engraved 1 time. You put on armor 1 time. You never genocided any monsters. You never polymorphed an object. You never changed form. You used no wishes. You never wrote Elbereth's name. You never encountered a bones level. You never used any Sokoban shortcuts. Dungeon overview: The Dungeons of Doom: levels 1 to 8 Level 1 a long staircase Level 3 a wand shop, some fountains Level 4 some fountains a long staircase Level 5 a fountain Level 6 a fountain Level 8 <- You were here many fountains History has recorded: On T:1 you entered the Dungeons of Doom to retrieve the Amulet of Yendor! On T:142 you reached level 2 of The Dungeons of Doom. On T:170 you reached level 3 of The Dungeons of Doom. On T:182 you advanced to experience level 2. On T:638 you advanced to experience level 3. On T:1205 you advanced to experience level 4. On T:1464 you advanced to experience level 5. On T:1710 you reached level 4 of The Dungeons of Doom. On T:1816 you reached level 5 of The Dungeons of Doom. On T:1939 you reached level 6 of The Dungeons of Doom. On T:2026 you reached level 7 of The Dungeons of Doom. On T:2062 you advanced to experience level 6. On T:2190 you reached level 8 of The Dungeons of Doom. Latest messages: The spell misses the warg. The spell hits the warg! The spell hits the warg! [HP+1=38] You don't have enough energy to cast that spell. The warg bites! The shocking sphere explodes! You duck some of the blast. [HP-19=19] [HP+1=20] You see here a statue of a plains centaur. The rope golem hits! (2x) [HP-10=10] You write with your fingers into the dust. The warg bites! You die... Final status: Goodbye Jay the Wizard... You died in The Dungeons of Doom on dungeon level 8 with 1458 points, and 408 pieces of gold, after 2220 moves. You were level 6 with a maximum of 39 hit points when you died.